 Dungeon Crawl Stone Soup version 0.23.1 (webtiles) character file.

Game seed: 2231820197839278449

172 vishdafish the Slasher (level 5, 0/53 HPs)
             Began as a Troll Fighter on Mar 15, 2019.
             Slain by a worker ant (7 damage)
             ... on level 3 of the Dungeon.
             The game lasted 00:02:20 (2042 turns).

vishdafish the Slasher (Troll Fighter)              Turns: 2042, Time: 00:02:21

Health: 0/53       AC:  6    Str: 25    XL:     5   Next: 27%
Magic:  4/4        EV:  8    Int:  4    God:
Gold:   90         SH:  9    Dex:  9    Spells: 4/4 levels left

rFire    + . .     SeeInvis .   a - +0 long sword
rCold    + . .     Gourm    +   c - +0 shield
rNeg     . . .     Faith    .   b - +0 robe
rPois    .         Spirit   .   (helmet restricted)
rElec    .         Reflect  .   g - scarf {rC+ rF+}
rCorr    .         Harm     .   (gloves unavailable)
MR       .....                  (boots unavailable)
Stlth    ..........             (no amulet)
HPRegen  0.57/turn              i - ring of attention (curse)
MPRegen  0.09/turn              (no ring)

@: lethally poisoned (0 -> -1)
A: large, unfitting armour, claws 3, fast metabolism 3, gourmand, regeneration
1, shaggy fur 1, tough skin 3
a: no special abilities


You were on level 3 of the Dungeon.
You were hungry.

You visited 1 branch of the dungeon, and saw 3 of its levels.

You collected 90 gold pieces.

Inventory:

Hand Weapons
 a - a +0 long sword (weapon)
Armour
 b - a +0 robe (worn)
 c - a +0 shield (worn)
 g - a scarf of resistance (worn)
Jewellery
 i - a cursed ring of attention (left claw)
 m - an uncursed amulet of the gourmand {unknown}
Scrolls
 j - 2 scrolls of identify {unknown}
 k - a scroll of blinking {unknown}
 o - 2 scrolls of amnesia {unknown}
 p - a scroll of remove curse {unknown}
 r - a scroll of teleportation {unknown}
Potions
 d - a potion of might
 e - a potion of curing {unknown}
 h - a potion of degeneration {unknown}
 l - a potion of agility {unknown}
 n - a potion of heal wounds {unknown}
 q - a potion of mutation {unknown}
Comestibles
 f - 2 rations


   Skills:
 + Level 3.3 Fighting
 * Level 3.3 Long Blades
 - Level 2.4 Dodging
 + Level 3.2 Shields


You had 4 spell levels left.
You didn't know any spells.
Your spell library was empty.

Dungeon Overview and Level Annotations

Branches:
Dungeon (3/15)

Altars:


Innate Abilities, Weirdness & Mutations

You are too large for most types of armour.
You have claws for hands.
Your metabolism is lightning-fast.
You like to eat raw meat.
Your natural rate of healing is unusually fast.
You are covered in fur. (AC +1)
You have extremely tough skin. (AC +3)


Message History

A worker ant is nearby!
A worker ant is nearby!
You hit the worker ant but do no damage.
You feel sick. You block the worker ant's attack. x2
You closely miss the worker ant.
You feel sick. The worker ant bites you!
You are more poisoned.
The worker ant poisons you! The worker ant closely misses you.
You riposte.
You hit the worker ant.
The worker ant is moderately wounded.
You hit the worker ant.
The worker ant is heavily wounded.
You feel sick. You block the worker ant's attack.
You hit the worker ant but do no damage.
The worker ant is heavily wounded.
You feel sick. The worker ant bites you!
* * * LOW HITPOINT WARNING * * *
You hit the worker ant but do no damage.
The worker ant is heavily wounded.
You feel sick. The worker ant bites you!
You die...

#.# #.###.#.###...##
# #.# #.###.#.# ##'##
# #.# #.....# # #.# #
#.# #.#####.# #.# #
#.# #...[...# ##.## #
#.#
#.#########...#######
##.# #.#
#.............. ...#
#.#####.###...#######
#### #...@a...###.##
#######.## #.# #.#
#.# ########### #.#
#.........# #.#
#.#######.# #.#
#.........#
#.########
#.######..##
#.##.....#


You could see a worker ant.

Vanquished Creatures
  Terence (D:3)
  Robin (D:3)
  6 adders
  An ooze (D:2)
  A worm (D:3)
  2 dart slugs
  A leopard gecko (D:1)
  5 orcs (D:3)
  2 giant cockroaches
  5 hobgoblins
  7 jackals (D:2)
  6 kobolds
  5 bats
  8 frilled lizards
  13 goblins
  4 rats
68 creatures vanquished.

Notes
Turn   | Place    | Note
-------+----------+-------------------------------------------
     0 | D:1      | vishdafish the Troll Fighter began the quest for the Orb.
     0 | D:1      | Reached XP level 1. HP: 22/22 MP: 0/0
   268 | D:1      | Reached XP level 2. HP: 29/29 MP: 1/1
   929 | D:2      | Reached XP level 3. HP: 35/36 MP: 2/2
  1390 | D:3      | Reached XP level 4. HP: 43/44 MP: 3/3
  1529 | D:3      | Noticed Terence
  1537 | D:3      | Killed Terence
  1550 | D:3      | Noticed Robin
  1569 | D:3      | Killed Robin
  1605 | D:3      | Reached XP level 5. HP: 29/53 MP: 4/4
  2042 | D:3      | Slain by a worker ant

Skill      XL: |  1  2  3  4 |
---------------+-------------+-----
Long Blades    | 2 3 |  3.3
Fighting       | 3 |  3.3
Shields        | 3 |  3.2
Dodging        | |  2.4

Action                   |  1- 3 |  4- 6 || total
-------------------------+-------+-------++-------
Melee: Long sword        |   147 |   137 ||   284
  Eat: Chunk             |     7 |     6 ||    13
       Ration            |     1 |       ||     1
Armor: Robe              |    71 |    65 ||   136
Dodge: Dodged            |    69 |    57 ||   126
Block: Shield            |    86 |    94 ||   180
       Rpst.: Long sword |    22 |    20 ||    42
